 Dungeon Crawl Stone Soup version 0.29.1-1-gd02db6906a (webtiles) character file.

Game seed: 18399436912638073097

2240 Metae the Trooper (level 9, -2/81 HPs)
             Began as a Hill Orc Fighter on Sept 28, 2022.
             Was a Believer of Okawaru.
             Slain by a gnoll sergeant
             ... wielding a +0 spear
              (4 damage)
             ... on level 6 of the Dungeon.
             The game lasted 00:28:24 (8172 turns).

Metae the Trooper (Hill Orc Fighter)                Turns: 8172, Time: 00:28:24

Health: -2/81      AC: 13    Str: 23    XL:     9   Next: 36%
Magic:  12/12      EV: 10    Int:  8    God:    Okawaru [**....]
Gold:   130        SH:  5    Dex: 10    Spells: 8/8 levels left

rFire   + . .      SeeInvis +   a - +1 whip (elec)
rCold   + . .      Faith    .   c - +0 buckler
rNeg    . . .      Spirit   .   f - +4 ring mail
rPois   .          Reflect  .   (no helmet)
rElec   .          Harm     .   B - scarf {rC+ rF+}
rCorr   .          Rampage  .   (no gloves)
Will    .....                   z - +2 pair of boots
Stlth   ..........              (no amulet)
HPRegen 0.23/turn               o - ring of flight
MPRegen 0.13/turn               y - ring of see invisible

@: about to teleport, marked, flying, studying Ranged Weapons
A: no striking features
a: Renounce Religion, Heroism


You were on level 6 of the Dungeon.
You worshipped Okawaru.
Okawaru was pleased with you.
You visited 1 branch of the dungeon, and saw 6 of its levels.
You also visited: Sewer and Ossuary.

You collected 279 gold pieces.
You spent 149 gold pieces at shops.

Inventory:

Hand Weapons
 a - a +1 whip of electrocution (weapon)
 b - a +0 sling
 d - a +0 war axe
 D - a +0 shortbow of flaming
 E - a +0 whip of draining
Missiles
 g - 34 stones
 j - 13 poisoned darts (quivered)
 u - 6 datura-tipped darts
Armour
 c - a +0 buckler (worn)
 f - a +4 ring mail (worn)
 z - a +2 pair of boots (worn)
 B - a scarf of resistance (worn)
Jewellery
 o - a ring of flight (left hand)
 y - a ring of see invisible (right hand)
Wands
 F - a wand of iceblast (8)
Scrolls
 l - a scroll of brand weapon {unknown}
 m - a scroll of immolation {unknown}
 p - 2 scrolls of amnesia
 r - 2 scrolls of enchant weapon
 s - 3 scrolls of vulnerability
 v - a scroll of poison
 w - 2 scrolls of fear {unknown}
 x - a scroll of magic mapping
 C - a scroll of acquirement {unknown}
 I - a scroll of teleportation
 K - a scroll of summoning {unknown}
 L - 3 scrolls of noise {unknown}
 N - 2 scrolls of enchant armour {unknown}
Potions
 e - a potion of haste
 h - 7 potions of curing
 i - 3 potions of flight
 k - 3 potions of attraction
 n - 3 potions of resistance
 q - a potion of mutation
 t - a potion of degeneration
 A - 3 potions of cancellation
 H - a potion of lignification {unknown}
 J - a potion of heal wounds
 M - a potion of might
 O - a potion of berserk rage {unknown}
 P - a potion of brilliance {unknown}


   Skills:
 + Level 7.9 Fighting
 - Level 6.8(7.3) Axes
 + Level 3.2(4.9) Maces & Flails
 + Level 4.0 Ranged Weapons
 + Level 7.1 Armour
 - Level 5.9 Shields
 + Level 4.7 Invocations


You had 8 spell levels left.
You didn't know any spells.
Your spell library contained the following spells:

 Spells                   Type           Power      Damage    Failure   Level
 Fireball                 Conj/Fire      0%         3d3       100%        5
 Iskenderun's Battlesphe  Conj           0%         2d6       100%        5
 Conjure Ball Lightning   Conj/Air       0%         3x3d6     100%        6
 Orb of Destruction       Conj           0%         9d5       100%        7


Dungeon Overview and Level Annotations

Branches:
Dungeon (6/15)              Sewer (visited)         Ossuary (visited)
 Temple: D:4-7

Altars:
Ashenzari
Fedhas
Gozag
Makhleb
Okawaru
Yredelemnul

Shops:
D:4 :?


Message History

The sky beast hits you but does no damage.
The gnoll closely misses you.
As you read the scroll of teleportation, it crumbles to dust.
You feel strangely unstable.
The gnoll sergeant hits you but does no damage.
The steam dragon breathes steam at you. The ball of steam misses you.
The sky beast is engulfed in a cloud of scalding steam.
The sky beast hits you but does no damage.
The gnoll hits you from afar with a +0 spear.
* * * LOW HITPOINT WARNING * * *
A gnoll comes into view. It is wielding a +0 halberd.
Unknown command.
The steam dragon attacks as you move away!
The steam dragon closely misses you. You block the steam dragon's attack.
The centaur unwields a +0 shortbow.
The centaur wields a +0 war axe.
The centaur barely misses you. x2; The sky beast hits you.
* * * LOW HITPOINT WARNING * * *
The sky beast shocks you.
* * * LOW HITPOINT WARNING * * *
You see here a +0 ring mail.
You hit the sky beast.
The sky beast is almost dead.
The centaur closely misses you. The centaur barely misses you.
The gnoll sergeant closely misses you.
The steam dragon bites you but does no damage.
The steam dragon closely misses you.
The sky beast hits you but does no damage.
The gnoll is engulfed in a cloud of scalding steam.
The gnoll barely misses you.
You hit the sky beast but do no damage.
The sky beast is almost dead.
The centaur hits you with a +0 war axe!
* * * LOW HITPOINT WARNING * * *
The centaur kicks you but does no damage.
You closely miss the sky beast.
The sky beast is almost dead.
The centaur misses you. The centaur closely misses you.
The gnoll sergeant hits you from afar with a +0 spear.
You die...

.>...############.#
*,,,,,,*
.............#....#
*,,,**,*
.....#######.#.######
**,,,*,**** .###.#****
#...##...## *,,,*,**,,
>..#...,,*
#.........###..,*,**,*
########,*
#.............#**,**,*
....# *,*
#.#####...##### *,,,,*
###.# *,**#.,*##c...#
****** ..#,*
*,,,..,,#@Y...# #.#,*
***##.8,#D8..## #.#,*
**,,,#ggh### #.#,*
*,,,*##gg..# #.#,*
**,,***##..g#
#.#,******,,....^..#.#
..#,,,,,****.......#.#
..#****,* *##.#.#.#.#
.<#,,,,,* #,#.#.#h#


You could see a steam dragon (catching breath), a sky beast (invisible), a gnoll
sergeant, a centaur, a hound and 4 gnolls.

Vanquished Creatures
  Pikel (D:4)
  Duvessa (D:4)
  A water moccasin (D:3)
  4 ice beasts
  2 ogres
  A centaur (D:5)
  3 lemures (D:3)
  2 scorpions
  Dowan (D:4)
  A hound (D:5)
  2 jellies (D:5)
  An orc priest (D:3)
  2 gnoll boudas
  3 iguanas
  Terence (D:3)
  13 mummies (Ossuary)
  13 adders
  8 gnolls
  3 river rats (Sewer)
  A white imp (D:5)
  5 worms
  A dart slug (D:1)
  7 orcs
  5 endoplasms
  6 giant cockroaches
  5 goblins
  3 hobgoblins
  9 jackals
  2 quokkas
  10 ball pythons
  5 bats
  5 frilled lizards (Sewer)
  3 gnoll skeletons (Ossuary)
  A goblin skeleton (Ossuary)
  7 kobolds
  3 kobold skeletons (Ossuary)
  An orc skeleton (Ossuary)
  16 rats
  11 rat skeletons (Ossuary)
169 creatures vanquished.

Vanquished Creatures (others)
  An orc wizard (D:4)
  A white imp (D:6)
2 creatures vanquished.

Grand Total: 171 creatures vanquished

Notes
Turn   | Place    | Note
-------+----------+-------------------------------------------
     0 | D:1      | Metae the Hill Orc Fighter began the quest for the Orb.
     0 | D:1      | Reached XP level 1. HP: 19/19 MP: 1/1
   305 | D:1      | Reached XP level 2. HP: 27/27 MP: 2/2
   966 | D:2      | Reached XP level 3. HP: 28/33 MP: 3/3
  1566 | D:2      | Reached XP level 4. HP: 37/40 MP: 4/4
  1744 | D:3      | Noticed Terence
  1754 | D:3      | Killed Terence
  1781 | D:3      | Found a basalt altar of Yredelemnul.
  1878 | D:3      | Found a glowing drain.
  1887 | Sewer    | Entered a sewer
  2010 | Sewer    | Reached XP level 5. HP: 47/47 MP: 5/5
  2482 | D:3      | Found a faded altar of an unknown god.
  3153 | D:3      | Found a broken altar of Ashenzari.
  3365 | D:4      | Found Doeg's Magic Scroll Boutique.
  3376 | D:4      | Bought a scroll of magic mapping for 97 gold pieces
  3376 | D:4      | Bought a scroll of identify for 26 gold pieces
  3447 | D:3      | Reached skill level 5 in Fighting
  3447 | D:3      | Reached XP level 6. HP: 51/56 MP: 6/6
  3457 | D:4      | Noticed Dowan
  3603 | D:4      | Noticed Duvessa
  3606 | D:4      | Found Izo Ipn's Book Emporium.
  3622 | D:4      | Killed Duvessa
  3623 | D:4      | Reached skill level 5 in Axes
  3623 | D:4      | HP: 1/56 [lemure[Pikel] (6)]
  4143 | D:4      | HP: 2/56 [Dowan/+0 dagger (2)]
  4145 | D:4      | Killed Dowan
  4146 | D:4      | Reached skill level 5 in Shields
  4447 | D:4      | Reached skill level 5 in Armour
  4447 | D:4      | Reached XP level 7. HP: 41/61 MP: 7/7
  4502 | D:4      | Noticed Pikel
  4514 | D:4      | Killed Pikel
  4515 | D:4      | Reached XP level 8. HP: 35/71 MP: 8/8
  4752 | D:4      | Found an iron altar of Okawaru.
  4777 | D:4      | Became a worshipper of Warmaster Okawaru
  4992 | D:4      | Found a blossoming altar of Fedhas.
  5059 | D:3      | Reached skill level 1 in Invocations
  6256 | D:4      | Bought a scroll of identify for 26 gold pieces
  6311 | D:5      | Entered Level 5 of the Dungeon
  6425 | D:5      | Reached skill level 1 in Maces & Flails
  6425 | D:5      | Reached skill level 1 in Ranged Weapons
  6428 | D:5      | Found a burning altar of Makhleb.
  6452 | D:5      | Reached * piety under Okawaru
  6947 | D:5      | Found an opulent altar of Gozag.
  7110 | D:5      | Reached XP level 9. HP: 79/79 MP: 11/11
  7586 | D:6      | Found a sand-covered staircase.
  7610 | Ossuary  | Entered an ossuary
  7682 | Ossuary  | Reached ** piety under Okawaru
  8171 | D:6      | HP: 2/81 [centaur/+0 war axe (7)]
  8172 | D:6      | Slain by a gnoll sergeant

Illustrated notes

Levels and vault maps discovered:
D:1:      minmay_arrival_five_plusses, layout_basic
D:2:      layout_loops_cross, kennysheep_big_empty_room
D:3:      kb_forest_paths, layout_basic, lemuel_tele_altar,
          mainiacjoe_overflow_boulevard, portal_sewer_entry_d,
          shapermc_ecumenical_altar_hornbeckon, grunt_decor_fettered,
          uniq_terence
D:4:      layout_rooms, lemuel_round_altar, okawaru_gym_becter, serial_shops,
          shop, shop_fountains, minmay_manual_maat, uniq_duvessa, uniq_pikel
D:5:      layout_basic, mainiacjoe_overflow_small_starburst,
          mainiacjoe_overflow_catwalk, minivault_14, minmay_diced_spiral
D:6:      layout_basic, nicolae_ossuary_entry_false_entrances,
          mrwooster_statue_mirror

Skill      XL: |  1  2  3  4  5  6  7  8  9 |
---------------+----------------------------+-----
Axes           | 3 4 5 6 |  6.8
Fighting       | 4 5 6 7 |  7.9
Armour         | 4 5 6 7 |  7.1
Shields        | 4 5 |  5.9
Invocations    | 3 4 |  4.7
Maces & Flails | 2 3 |  3.2
Ranged Weapons | 2 4 |  4.0

Action                   |  1- 3 |  4- 6 |  7- 9 || total
-------------------------+-------+-------+-------++-------
Melee: War axe           |    82 |   216 |    47 ||   345
       Whip              |       |       |   271 ||   271
 Fire: Sling             |       |       |     1 ||     1
Throw: Stone             |       |     2 |       ||     2
       Dart              |       |     4 |     9 ||    13
  Use: Scroll            |       |    11 |     7 ||    18
       Potion            |       |     2 |     1 ||     3
Armor: Scale mail        |     8 |       |       ||     8
       Ring mail         |    55 |   134 |   142 ||   331
Dodge: Dodged            |    59 |   113 |   149 ||   321
Block: Buckler           |    12 |    63 |    78 ||   153
